 Dungeon Crawl Stone Soup version 0.22.1-2-g9c5b331 (webtiles) character file.

59750 Fang the Severer (level 14, -2/142 HPs)
             Began as a Gargoyle Berserker on Nov 29, 2018.
             Was the Champion of Trog.
             Shot with an arrow by a centaur warrior (4 damage)
             ... on level 14 of the Dungeon on Dec 3, 2018.
             The game lasted 00:41:32 (19436 turns).

Fang the Severer (Gargoyle Berserker)              Turns: 19436, Time: 00:41:32

Health: -2/142     AC: 35    Str: 32    XL:     14   Next: 96%
Magic:  1/14       EV: 12    Int: 12    God:    Trog [******]
Gold:   1072       SH:  0    Dex:  9    Spells: 13/13 levels left

rFire    + + .     SeeInvis .   G - +7 broad axe of Income {freeze, +Fly rF++ rC+ Int+3}
rCold    + . .     Gourm    .   (no shield)
rNeg     + . .     Faith    .   x - +4 plate armour
rPois    ∞         Spirit   .   M - +2 hat
rElec    +         Reflect  .   (no cloak)
rCorr    .         Harm     .   (no gloves)
MR       +....                  a - +2 pair of boots {Stlth+}
Stlth    ..........             (no amulet)
HPRegen  0.33/turn              u - +2 ring of intelligence
MPRegen  0.14/turn              i - +3 ring of evasion

@: berserking (expiring), flying, slowed
A: big wings, beak, horns 1, negative energy resistance 1, sense surroundings 1,
electricity resistance, unbreathing, petrification resistance, rot immunity, AC
+10
a: Stop Flying, Berserk, Trog's Hand, Brothers in Arms, Renounce Religion


You were on level 14 of the Dungeon.
You worshipped Trog.
Trog was exalted by your worship.
You were hungry.

You visited 4 branches of the dungeon, and saw 21 of its levels.
You also visited: Labyrinth, Sewer and Ossuary.

You collected 1072 gold pieces.

Inventory:

Hand Weapons
 n - a +5 antimagic war axe
 E - a +2 war axe of chopping
 G - the +7 broad axe of Income (weapon) {freeze, +Fly rF++ rC+ Int+3}
   (You took it off a frost giant on level 11 of the Dungeon)

   It has been specially enchanted to freeze those struck by it, causing extra
   injury to most foes and up to half again as much damage against particularly
   susceptible opponents.
   It can also slow down cold-blooded creatures.
   It affects your intelligence (+3).
   It greatly protects you from fire.
   It protects you from cold.
   It lets you fly.
 H - a +2 battleaxe of freezing
 P - a +2 broad axe of flaming
Armour
 a - a +2 pair of boots of stealth (worn)
 x - a +4 plate armour (worn)
 M - a +2 hat (worn)
Jewellery
 f - an uncursed ring of positive energy
 i - a +3 ring of evasion (right hand)
 u - a +2 ring of intelligence (left hand)
 L - an uncursed ring of ice
 O - an uncursed amulet of magic regeneration {unknown}
 R - a +1 ring of evasion
Wands
 r - a wand of disintegration (2)
 s - a wand of clouds (11)
 v - a wand of enslavement (15)
 w - a wand of flame (24)
 y - a wand of paralysis (11)
 B - a wand of iceblast (22)
 F - a wand of acid (12)
 I - a wand of polymorph (28)
 N - a wand of random effects (115)
Scrolls
 e - 11 scrolls of remove curse
 h - 4 scrolls of blinking
 m - 11 scrolls of teleportation
 q - a scroll of brand weapon
 C - 4 scrolls of magic mapping
 D - 8 scrolls of identify
 J - a scroll of holy word
 S - 3 scrolls of fog
Potions
 b - 6 potions of agility
 d - 4 potions of might
 g - 5 potions of brilliance
 j - 7 potions of heal wounds
 k - 3 potions of cancellation
 l - 3 potions of haste
 o - 4 potions of magic
 p - 8 potions of curing
 t - 2 potions of ambrosia
 z - a potion of resistance
Miscellaneous
 Q - a sack of spiders
Comestibles
 c - 26 rations


   Skills:
 + Level 13.7 Fighting
 + Level 16.9 Axes
 + Level 12.6 Armour
 + Level 2.9 Dodging
 + Level 2.7 Stealth


You had 13 spell levels left.
You didn't know any spells.
Your spell library was empty.

Dungeon Overview and Level Annotations

Branches:
Dungeon (14/15)            Temple (1/1) D:4            Lair (5/6) D:8
 Shoals (0/4) Lair:2        Snake (1/4) Lair:4        Slime (0/5) Lair:5
    Orc (0/2) D:12
 Vaults: D:13-14

Altars:
Gozag
Okawaru
Yredelemnul

Shops:
D:4 *

Annotations:
D:7 1 runed door
D:9 exclusion: 3 oklob plants
Lair:4 exclusion: oklob plant


Innate Abilities, Weirdness & Mutations

You are resistant to torment.
Your stone body is resilient. (AC +10)
You are immune to poison.
Your large and strong wings let you fly indefinitely.
You resist negative energy. (rN+)
You are resistant to electric shocks. (rElec)
You can survive without breathing.
You are immune to petrification.
You are immune to rotting.
You have a beak for a mouth.
You have a pair of small horns on your head.
You passively map a small area around you.


Message History

A basilisk comes into view.
The centaur warrior shoots an arrow.
The arrow closely misses you.
Unknown command.
Unknown command.
You closely miss the basilisk. You peck the basilisk!
The basilisk is moderately wounded.
The basilisk hisses menacingly.
The basilisk gazes at you.
You easily resist.
The centaur warrior shoots an arrow.
The arrow hits you but does no damage.
You slice the basilisk!!
The basilisk seems to slow down.
You freeze the basilisk!
You kill the basilisk!
Trog accepts your kill.
The basilisk's shape twists and changes as it dies.
The centaur warrior shoots an arrow.
The arrow hits you.
* * * LOW HITPOINT WARNING * * *
The crocodile bites you but does no damage.
The centaur warrior shoots an arrow.
The arrow hits you.
You die...

.....###.#** , .....#
#.#.## #.###...#. .....#
#.##..#...#..8...
.....###.##...#.........
..(......#.#.#..:[[..#.#
.........#......|.....(.
*
.....###.#..#.c.|):..###
)†...# #.#..#...C.......
>
.<÷..###.#....)#@t....#
,
.÷.......#.#..((#....##
.....##..#......###..# ,
.....###.#...#....#...#
, .....#
#.#..(......#,## ######
#.###'########* *
#.............
######........ ,
#########


You could see a centaur warrior, a cyclops and a crocodile.

Vanquished Creatures
  Rupert (D:13)
  Gastronok (Lair:2)
  A frost giant (D:11)
  Nessos (Lair:5)
  A minotaur (Lab)
  Azrael (D:14)
  Fannar (Lair:2)
  2 hydras
  3 centaur warriors (D:13)
  A catoblepas (Lair:5)
  Urug (Lair:5)
  4 death yaks (Lair:4)
  A two-headed ogre (D:12)
  2 unseen horrors
  An orc knight (D:12)
  Pikel (D:4)
  A necromancer (D:10)
  An orc sorcerer (D:12)
  7 ugly things
  A manticore (D:14)
  Maurice (D:10)
  2 centaur zombies (D:11)
  A gargoyle (D:11)
  4 spiny frogs
  A black mamba (Lair:4)
  2 centaur skeletons
  A freezing wraith (D:14)
  3 efreet
  2 rime drakes
  A yaktaur (D:14)
  6 komodo dragons
  5 trolls
  A minotaur skeleton (Lab)
  2 meliai (D:14)
  A hornet (D:13)
  2 polar bears
  8 hippogriffs
  16 blink frogs
  5 slime creatures (D:12)
  Grinder (D:3)
  A shadow (D:13)
  2 wraiths (D:12)
  A water elemental (D:11)
  2 basilisks
  51 yaks
  6 fire elementals
  A basilisk (shapeshifter) (D:14)
  2 wyverns
  3 hungry ghosts
  14 wargs (D:12)
  3 nagas (Lair:4)
  9 water moccasins
  6 porcupines
  2 hell hounds
  16 orc warriors
  7 ice beasts
  3 sky beasts
  A black bear (Lair:4)
  9 ogres
  A necrophage (D:10)
  2 phantoms
  3 eyes of draining
  3 centaurs
  5 wolves (Lair:3)
  3 crocodiles
  25 bullfrogs
  A big kobold (D:9)
  A gnoll sergeant (D:12)
  A wyvern zombie (D:10)
  A water moccasin zombie (Ossuary)
  3 scorpions
  2 wyvern skeletons
  5 wights (D:8)
  A howler monkey (D:4)
  11 electric eels
  12 crimson imps
  A wyvern simulacrum (D:14)
  5 bullfrog zombies
  7 hounds
  16 jellies
  11 orc wizards
  5 orc priests
  A bullfrog skeleton (D:13)
  A gnoll shaman (D:8)
  5 iguanas
  9 worker ants
  3 polar bear simulacra (D:10)
  3 yak simulacra (D:10)
  2 wolf simulacra (D:10)
  5 big kobold zombies (Ossuary)
  A hound skeleton (D:4)
  2 mummies (Ossuary)
  A worker ant zombie (D:6)
  10 adders
  15 gnolls
  2 shadow imps
  A white imp (D:11)
  An ooze (D:1)
  5 adder zombies
  2 dart slugs
  5 leopard geckos
  58 orcs
  5 giant cockroaches
  6 goblins
  5 hobgoblins
  5 jackals
  7 kobolds
  8 quokkas
  2 ball pythons (Sewer)
  5 bats
  6 frilled lizards
  2 gnoll zombies (Ossuary)
  7 hobgoblin zombies (Ossuary)
  A jackal zombie (D:6)
  5 kobold zombies (Ossuary)
  A leopard gecko zombie (D:5)
  4 orc zombies (Ossuary)
  A quokka skeleton (D:6)
  9 rats
  3 river rat simulacra (D:10)
  A spectral orc (D:9)
  A bush (Lair:5)
  A fungus (Lair:3)
  7 plants
586 creatures vanquished.

Vanquished Creatures (collateral kills)
  A deep elf knight (D:7)
  The ghost of Balder the Chopper, a novice GnBe of Trog (D:7)
  A troll (D:7)
  An adder (D:7)
4 creatures vanquished.

Vanquished Creatures (others)
  An orc wizard (D:4)
  An adder (D:4)
  2 gnolls (D:4)
  2 orcs (D:4)
  A giant cockroach (D:4)
  A fungus (Lair:2)
  6 plants
14 creatures vanquished.

Grand Total: 604 creatures vanquished

Notes
Turn   | Place    | Note
-------+----------+-------------------------------------------
     0 | D:1      | Fang the Gargoyle Berserker began the quest for the Orb.
     0 | D:1      | Reached XP level 1. HP: 14/14 MP: 1/1
   293 | D:1      | Reached XP level 2. HP: 10/19 MP: 2/2
   492 | D:1      | Reached skill level 3 in Axes
   661 | D:1      | Reached XP level 3. HP: 24/24 MP: 3/3
  1343 | D:2      | Reached XP level 4. HP: 26/29 MP: 4/4
  1609 | D:3      | Noticed Grinder
  1610 | D:3      | Found an iron altar of Okawaru.
  1643 | D:3      | Paralysed by Grinder for 6 turns
  1658 | D:3      | Paralysed by Grinder for 2 turns
  1662 | D:3      | Paralysed by Grinder for 4 turns
  1672 | D:3      | Killed Grinder
  1672 | D:3      | Reached skill level 4 in Axes
  1672 | D:3      | Reached XP level 5. HP: 9/34 MP: 5/5
  1672 | D:3      | Reached XP level 6. HP: 11/39 MP: 6/6
  1744 | D:3      | Reached ** piety under Trog
  1906 | D:3      | Found a glowing drain.
  1927 | Sewer    | Entered a sewer
  2794 | D:3      | Reached skill level 5 in Axes
  2852 | D:4      | Found Fownov's Fabulous Fripperies.
  2883 | D:4      | Found a staircase to the Ecumenical Temple.
  2901 | Temple   | Entered the Ecumenical Temple
  3018 | D:4      | Noticed a slave
  3020 | D:4      | Noticed a slave
  3021 | D:4      | Noticed Pikel
  3027 | D:4      | Noticed a slave
  3028 | D:4      | Reached XP level 7. HP: 44/44 MP: 7/7
  3044 | D:4      | Killed Pikel
  3044 | D:4      | Reached skill level 5 in Fighting
  3044 | D:4      | Reached skill level 6 in Axes
  3044 | D:4      | Reached skill level 5 in Armour
  3044 | D:4      | Reached XP level 8. HP: 49/49 MP: 8/8
  3658 | D:5      | Entered Level 5 of the Dungeon
  3676 | D:5      | Reached skill level 7 in Axes
  4580 | D:5      | Reached *** piety under Trog
  4820 | D:5      | Reached skill level 8 in Axes
  4820 | D:5      | Reached XP level 9. HP: 21/55 MP: 9/9
  5893 | D:7      | Reached skill level 9 in Axes
  5902 | D:7      | Reached **** piety under Trog
  5960 | D:7      | Found a runed gate.
  5960 | D:7      | Found a runed gate.
  5964 | D:7      | Found a runed gate.
  5965 | D:7      | Found an opulent altar of Gozag.
  5966 | D:7      | Noticed Balder's ghost (novice GnBe)
  5966 | D:7      | Noticed a troll
  5966 | D:7      | Noticed a deep elf knight
  6132 | D:7      | Found a sand-covered staircase.
  6155 | Ossuary  | Entered an ossuary
  6377 | D:7      | Reached skill level 10 in Axes
  6377 | D:7      | Reached XP level 10. HP: 34/63 MP: 10/10
  6614 | D:7      | Found a runed door.
  6981 | D:8      | Reached skill level 1 in Stealth
  7069 | D:7      | Killed Balder's ghost
  7069 | D:7      | Killed a deep elf knight
  7320 | D:8      | Found a staircase to the Lair.
  7935 | D:9      | Found a basalt altar of Yredelemnul.
  7962 | D:9      | Noticed an oklob plant
  7986 | D:9      | Noticed an oklob plant
  7997 | D:9      | Noticed a brown ugly thing
  8012 | D:9      | Killed a brown ugly thing
  8012 | D:9      | Reached skill level 11 in Axes
  8020 | D:9      | Gained mutation: You have a pair of small horns on your
                  | head. [potion of mutation]
  8020 | D:9      | Gained mutation: You have a beak for a mouth. [potion of
                  | mutation]
  8020 | D:9      | Gained mutation: You passively map a small area around you.
                  | [potion of mutation]
  8043 | D:9      | Noticed an oklob plant
  8443 | D:10     | Entered Level 10 of the Dungeon
  8456 | D:10     | Reached ***** piety under Trog
  8478 | D:10     | Noticed Maurice
  8498 | D:10     | Reached XP level 11. HP: 51/69 MP: 11/11
  8501 | D:10     | Killed Maurice
  8762 | D:10     | Killed an unseen horror
  8939 | D:10     | Reached skill level 12 in Axes
  9277 | D:10     | Noticed a necromancer
  9292 | D:10     | Killed a necromancer
  9878 | D:11     | Noticed a frost giant
  9890 | D:11     | Killed a frost giant
  9890 | D:11     | Reached skill level 13 in Axes
  9890 | D:11     | Reached XP level 12. HP: 31/77 MP: 12/12
  9890 | D:11     | Received a gift from Trog
  9893 | D:11     | Reached skill level 10 in Fighting
  9895 | D:11     | Got the broad axe of Income {freeze}
 10027 | D:11     | Identified the +7 broad axe of Income {freeze, +Fly rF++
                  | rC+ Int+3} (You took it off a frost giant on level 11 of
                  | the Dungeon)
 10587 | D:11     | Reached skill level 10 in Armour
 11281 | D:12     | Noticed a two-headed ogre
 11287 | D:12     | Killed a two-headed ogre
 11442 | D:12     | Reached skill level 14 in Axes
 11538 | D:12     | Found a staircase to the Orcish Mines.
 12068 | D:12     | Received a gift from Trog
 12212 | D:12     | Reached XP level 13. HP: 74/84 MP: 13/13
 12357 | Lair:1   | Entered Level 1 of the Lair of Beasts
 13319 | Lair:2   | Noticed Fannar
 13335 | Lair:2   | Killed Fannar
 13335 | Lair:2   | Reached skill level 15 in Axes
 13382 | Lair:2   | Found a staircase to the Shoals.
 13453 | Lair:2   | Noticed Gastronok
 13467 | Lair:2   | Killed Gastronok
 14241 | Lair:3   | Found a labyrinth entrance.
 14330 | Lab      | Entered a labyrinth
 15418 | Lab      | Noticed a minotaur
 15428 | Lab      | Killed a minotaur
 15924 | Lair:4   | Received a gift from Trog
 16170 | Lair:4   | Found a staircase to the Snake Pit.
 16432 | Lair:4   | Gained mutation: Your large and strong wings let you fly
                  | indefinitely. [Gargoyle growth]
 16432 | Lair:4   | Reached XP level 14. HP: 92/92 MP: 14/14
 17018 | Snake:1  | Entered Level 1 of the Snake Pit
 17047 | Lair:5   | Noticed Nessos
 17060 | Lair:5   | Reached skill level 16 in Axes
 17065 | Lair:5   | Killed Nessos
 17073 | Lair:5   | Noticed Urug
 17218 | Lair:5   | Killed Urug
 17557 | Lair:5   | Found a staircase to the Slime Pits.
 18257 | D:13     | Received a gift from Trog
 18454 | D:13     | Noticed Rupert
 18465 | D:13     | Killed Rupert
 18946 | D:14     | Noticed Azrael
 19246 | D:14     | Killed Azrael
 19410 | D:14     | Found the +10 large shield of Ignorance {rN+ Int-4}
 19428 | D:14     | Reached ****** piety under Trog
 19431 | D:14     | HP: 3/142 [yaktaur (8)]
 19436 | D:14     | Shot with an arrow by a centaur warrior

Skill      XL: |  1  2  3  4  5  6  7  8  9 10 11 12 13 14 |
---------------+-------------------------------------------+-----
Axes           | 3 4 5 6 8 10 11 13 14 15 16 | 16.9
Fighting       | 4 5 6 7 8 9 11 12 13 | 13.7
Armour         | 3 4 5 6 7 8 9 10 11 12 | 12.6
Dodging        | 2 |  2.9
Stealth        | 2 |  2.7

Action                   |  1- 3 |  4- 6 |  7- 9 | 10-12 | 13-15 || total
-------------------------+-------+-------+-------+-------+-------++-------
Melee: Hand axe          |   122 |   188 |   400 |    96 |       ||   806
       War axe           |       |       |       |   302 |       ||   302
       Headbutt          |       |       |       |    77 |    87 ||   164
       Peck              |       |       |       |    89 |   101 ||   190
       Broad axe         |       |       |       |   215 |   511 ||   726
Invok: Berserk           |       |     2 |     4 |     6 |     7 ||    19
       Brothers in Arms  |       |       |       |     1 |     1 ||     2
 Abil: Fly               |       |       |       |       |     1 ||     1
  Use: Scroll            |       |     8 |     6 |    15 |     5 ||    34
       Potion            |       |       |       |     1 |       ||     1
  Eat: Chunk             |       |     8 |    12 |    26 |    23 ||    69
       Ration            |       |       |     1 |     1 |     2 ||     4
Armor: Animal skin       |     4 |       |       |       |       ||     4
       Chain mail        |    68 |    23 |       |       |       ||    91
       Plate armour      |       |   101 |   182 |   322 |   292 ||   897
Dodge: Dodged            |    85 |   101 |   169 |   286 |   253 ||   894
